 Dungeon Crawl Stone Soup version 0.31.0-32-g396128a36d (webtiles) character file.

Game seed: 15827083256004390885

81 demianpwz the Trooper (level 4, 0/29 HPs)
             Began as a Gargoyle Fighter on Apr 8, 2024.
             Killed from afar by an orc wizard (6 damage)
             ... with a magic dart
             ... on level 5 of the Dungeon.
             The game lasted 00:08:34 (1351 turns).

demianpwz the Trooper (Gargoyle Fighter)            Turns: 1351, Time: 00:08:35

Health: 0/29       AC:  9    Str: 21    XL:     4   Next: 40%
Magic:  4/4        EV: 10    Int:  9    God:
Gold:   61         SH:  4    Dex:  9    Spells: 3/3 levels left

rFire   . . .        a - +0 long sword
rCold   . . .        c - +0 buckler
rNeg    + . .        f - +0 ring mail
rPois   ∞            (no helmet)
rElec   +            (no cloak)
rCorr   +            (no gloves)
SInv    .            (no boots)
Will    .....        (no amulet) Stlth
                     h - ring of resist corrosion
HPRegen 0.24/turn    (no ring)
MPRegen 0.09/turn

%: no passive effects
@: mighty
A: sickness immunity, AC +3, negative energy resistance 1, electricity
resistance, torment resistance 1, petrification resistance
a: no special abilities


You were on level 5 of the Dungeon.
You visited 1 branch of the dungeon, and saw 5 of its levels.

You collected 61 gold pieces.

Inventory:

Hand Weapons
 a - a +0 long sword (weapon)
Armour
 b - a +0 scale mail
 c - a +0 buckler (worn)
 f - a +0 ring mail (worn)
Jewellery
 h - a ring of resist corrosion (left hand)
 l - an amulet of reflection
Talismans
 e - a blade talisman
 i - a beast talisman
Scrolls
 g - a scroll of amnesia {unknown}
 m - a scroll of butterflies {unknown}
Potions
 j - a potion of ambrosia {unknown}
 k - 2 potions of haste {unknown}
 n - a potion of curing {unknown}


   Skills:
 + Level 4.2 Fighting
 + Level 2.5 Long Blades
 + Level 3.9 Armour
 + Level 0.1 Dodging
 + Level 3.7 Shields


You had 3 spell levels left.
You didn't know any spells.
Your spell library contained the following spells:

 Spells                   Type           Power      Damage    Failure   Level
 Ensorcelled Hibernation  Hex/Ice        0%         N/A       77%         2
 Passwall                 Erth           0%         N/A       94%         3
 Swiftness                Air            0%         N/A       94%         3


Dungeon Overview and Level Annotations

Branches:
Dungeon (5/15)
 Temple: D:4-7

Altars:


Innate Abilities, Weirdness & Mutations

You are immune to sickness and miasma.
Your stone body is resilient. (AC +3)
You are immune to poison.
You resist negative energy. (rN+)
You are resistant to electric shocks. (rElec)
You are resistant to unholy torment.
You are immune to petrification.


Message History

You hit the orc.
The orc is severely wounded.
The orc hits you with a +0 club. Something hits you but does no damage.
The orc hits you but does no damage.
You slash the orc!
You kill the orc!
Something hits you. The orc hits you but does no damage.
Something hits you but does no damage.
You barely miss the orc. The orc hits you but does no damage.
Something hits you but does no damage. The orc closely misses you.
You barely miss the orc. Something hits you but does no damage.
You block the orc's attack.
You hit the orc but do no damage.
You hear some strange, mumbled words.
Something tries to affect you, but you resist.
The orc closely misses you.
A gnoll bouda comes into view. It is wielding a +0 whip.
Something hits you.
The gnoll bouda shouts!
You hit the orc.
The orc is lightly wounded.
The orc barely misses you. Something hits you.
The orc hits you but does no damage.
You hit the orc.
The orc is heavily wounded.
Something hits you. The orc hits you with a +0 falchion.
* * * LOW HITPOINT WARNING * * *
You hit the orc but do no damage.
The orc is heavily wounded.
The gnoll bouda barks out a call to the hunt!
Something hits you but does no damage. The orc hits you with a +0 falchion.
* * * LOW HITPOINT WARNING * * *
A gnoll comes into view. It is wielding a +0 halberd.
The gnoll shouts!
You hear a shout! x2
You feel very mighty all of a sudden. Something hits you but does no damage.
You block the orc's attack.
You hear some strange, mumbled words.
A magic dart appears from out of thin air!
The magic dart hits you.
You die...

..
..########
.........#
..........#
..........#
..........#
........@.#
........{o#
..........#
......g...#
..........#
....g..<..#
..........#
..........#
..........#


You could see a gnoll bouda, a gnoll (swift) and an orc.

Vanquished Creatures
  2 hounds (D:4)
  2 dart slugs (D:2)
  2 orcs
  A giant cockroach (D:3)
  3 goblins
  3 kobolds
  A ball python (D:4)
  A frilled lizard (D:1)
  A rat (D:1)
16 creatures vanquished.

Notes
Turn   | Place    | Note
-------+----------+-------------------------------------------
     0 | D:1      | demianpwz the Gargoyle Fighter began the quest for the Orb.
     0 | D:1      | Reached XP level 1. HP: 14/14 MP: 1/1
   217 | D:2      | Reached XP level 2. HP: 15/19 MP: 2/2
   798 | D:4      | Reached skill level 4 in Fighting
   798 | D:4      | Reached XP level 3. HP: 14/24 MP: 3/3
  1148 | D:4      | Reached XP level 4. HP: 15/29 MP: 4/4
  1329 | D:5      | Entered Level 5 of the Dungeon
  1351 | D:5      | Killed from afar by an orc wizard

Illustrated notes

Levels and vault maps discovered:
D:1:      minmay_arrival_radiant_lines, layout_rooms, serial_bayou_crossing
D:2:      layout_basic, serial_corexii_hall, corexii_hall_statues_x,
          corexii_hall_statues_l, ebering_ecumenical_altar_abandoned
D:3:      layout_basic, nicolae_figureground_pulse
D:4:      nicolae_BIG_FREAKIN_CUBE, layout_gridville, kennysheep_generic_room_16
D:5:      layout_basic, kiku_gazebo_garden_becter, chequers_avenue, uniq_sigmund

Skill      XL: |  1  2 |
---------------+-------+-----
Long Blades    | 2 |  2.5
Fighting       | 4 |  4.2
Armour         | |  3.9
Dodging        | |  0.1
Shields        | |  3.7

Action                     |  1- 3 |  4- 6 || total
---------------------------+-------+-------++-------
  Melee: Long sword        |    56 |    10 ||    66
    Use: Potion            |       |     1 ||     1
 Armour: Ring mail         |    41 |    23 ||    64
  Dodge: Dodged            |    35 |     4 ||    39
  Block: Buckler           |    16 |     2 ||    18
